 Dungeon Crawl Stone Soup version 0.28-a0-265-g048bc9fd10 (webtiles) character file.

Game seed: 13697940617027835267

9 SeanNever the Skirmisher (level 2, -4/27 HPs)
             Began as a Minotaur Fighter on Aug 27, 2021.
             Killed by divine providence
             ... invoked by an orc priest
              (13 damage)
             ... on level 3 of the Dungeon.
             The game lasted 00:01:10 (210 turns).

SeanNever the Skirmisher (Minotaur Fighter)          Turns: 210, Time: 00:01:10

Health: -4/27      AC:  7    Str: 20    XL:     2   Next: 6%
Magic:  1/1        EV:  7    Int:  5    God:
Gold:   30         SH:  8    Dex:  9    Spells: 1/1 levels left

rFire   . . .      SeeInvis .   a - +0 rapier
rCold   . . .      Faith    .   c - +0 kite shield
rNeg    . . .      Spirit   .   b - +0 scale mail
rPois   .          Reflect  .   (helmet restricted)
rElec   .          Harm     .   (no cloak)
rCorr   .          Rampage  .   (no gloves)
Will    .....                   (no boots)
Stlth   ..........              (no amulet)
HPRegen 0.09/turn               (no ring)
MPRegen 0.07/turn               (no ring)

@: mighty
A: horns 2, retaliatory headbutt
a: no special abilities


You were on level 3 of the Dungeon.
You visited 1 branch of the dungeon, and saw 3 of its levels.

You collected 30 gold pieces.

Inventory:

Hand Weapons
 a - a +0 rapier (weapon)
Armour
 b - a +0 scale mail (worn)
 c - a +0 kite shield (worn)


   Skills:
 + Level 3.9 Fighting
 + Level 2.3 Short Blades
 + Level 3.8 Armour
 + Level 3.9 Shields


You had one spell level left.
You didn't know any spells.
Your spell library was empty.

Dungeon Overview and Level Annotations

Branches:
Dungeon (3/15)

Altars:


Innate Abilities, Weirdness & Mutations

You have a pair of horns on your head.
You reflexively headbutt those who attack you in melee.


Message History

The goblin shoots a stone.
The stone barely misses you.
The goblin shoots a stone.
The stone barely misses you.
An orc comes into view. It is wielding a +0 dagger.
The goblin shoots a stone.
The stone hits you but does no damage.
The orc throws a boomerang.
The boomerang hits you but does no damage.
A hobgoblin, 2 orcs and an orc priest come into view.
The orc shouts!
The orc priest shouts!
The orc shouts!
You hear a shout!
An orc comes into view. It is wielding a +0 dagger.
The orc shouts!
You block the hobgoblin's attack.
The orc throws a boomerang.
The boomerang barely misses you. The hobgoblin barely misses you.
The goblin shoots a stone.
You block the stone.
The goblin shoots a stone.
The stone barely misses you. You block the hobgoblin's attack.
A kobold comes into view.
It is wielding a +0 dagger and quivering poisoned darts.
The orc priest calls down the wrath of Beogh upon you.
Beogh smites you!
Ouch! That really hurt!
The goblin shoots a stone.
You block the stone.
Found an Inescapable Atlas.
You barely miss the orc. Your headbutt misses the orc.
The orc hits you but does no damage. The orc barely misses you.
You closely miss the orc. The orc completely misses you.
You feel very mighty all of a sudden.
You completely miss the orc. Your headbutt misses the orc.
The orc hits you with a +0 flail.
The orc priest looks encouraged for a moment.
You hit the orc.
The orc is moderately wounded.
The orc hits you but does no damage.
You closely miss the orc.
The orc is moderately wounded.
You block the orc's attack.
You closely miss the orc. You headbutt the orc.
You kill the orc!
The orc priest invokes the aid of Beogh against you.
Beogh smites you!
You die...

######### #...:...#
######### #@#
#..So.o.###o####
######.#####.##goo..#
#.........##.##Sgo..##
#.#.....#............#
........####.##........#
#.#..........#.........#
#.#..........#.........#
#.###........#.........#


You could see an orc priest, 3 orcs, a hobgoblin, a goblin and a ball python.

Vanquished Creatures
  An orc (D:3)
  A bat (D:3)
  2 giant cockroaches
  A goblin (D:1)
  2 ball pythons (D:1)
  2 frilled lizards
  A rat (D:1)
10 creatures vanquished.

Notes
Turn   | Place    | Note
-------+----------+-------------------------------------------
     0 | D:1      | SeanNever the Minotaur Fighter began the quest for the Orb.
     0 | D:1      | Reached XP level 1. HP: 19/19 MP: 0/0
   152 | D:3      | Reached XP level 2. HP: 27/27 MP: 1/1
   210 | D:3      | Killed from afar by an orc priest

Illustrated notes

Levels and vault maps discovered:
D:1:      shiori_shiawase, layout_loops_corners,
          dreamdust_ecumenical_altar_sealed_demon
D:2:      layout_loops_corners, kennysheep_generic_room_13
D:3:      layout_loops_cross, minmay_guardbox

Action                   || total
-------------------------++-------
Melee: Rapier            ||    20
       Headbutt          ||     2
  Use: Potion            ||     1
Armor: Scale mail        ||    17
Dodge: Dodged            ||    14
Block: Kite shield       ||    17

Table legend: (Time is in decaauts)
 A = Elapsed time spent in this place.
 B = Non-inter-level travel time spent in this place.
 C = Inter-level travel time spent in this place.
 D = Time resting spent in this place.
 E = Time spent auto-exploring this place.
 F = Levels seen in this place.
 G = Mean time per level.
                   A        B        C        D        E       F      G
               +--------+--------+--------+--------+--------+-----+--------+
         Total |    215 |    215 |      0 |      0 |      0 |   3 |   71.7 |
       Dungeon |    215 |    215 |      0 |      0 |      0 |   3 |   71.7 |
               +--------+--------+--------+--------+--------+-----+--------+

Top non-repeatable levels by time:
     D:1: 108 daAuts
     D:3: 102 daAuts
     D:2: 4 daAuts
